NYP
ROME BRAVES @ WILLIAMSPORT CROSSCUTTERS
07/23/2045
 
TOP OF THE 1ST
Rome Braves batting - Pitching for Williamsport Crosscutters : RHP Jared Van Heel
Pitching: RHP Jared Van Heel
Batting: LHB Robby Dann 0-0: Ball
1-0: Foul Ball, location: 2F
1-1: Ball
2-1: Ground out 4-3 (Groundball, 4, EV 76.9 MPH)
Batting: LHB Joe Phillips 0-0: Ball
1-0: TRIPLE (Line Drive, 78XD, EV 106.2 MPH)
Batting: RHB Hisayuki Akiyama 0-0: Ball
1-0: Ball
2-0: Ball
3-0: Base on Balls
Batting: LHB Jae-ik Soung 0-0: Ball
Hisayuki Akiyama is caught stealing 2nd base 2-6
1-0: SINGLE (Groundball, 6MS, EV 76.2 MPH) (infield hit)
Joe Phillips scores
Batting: LHB Mike Tenorio 0-0: Ball
1-0: Swinging Strike
1-1: Ball
2-1: Ground out 1-3 (Groundball, 13, EV 63.8 MPH)
Top of the 1st over - 1 run, 2 hits, 0 errors, 1 left on base; Rome 1 - Williamsport 0
BOTTOM OF THE 1ST
Williamsport Crosscutters batting - Pitching for Rome Braves : RHP Jeremy Hurley
Pitching: RHP Jeremy Hurley
Batting: RHB Joe Hewitt 0-0: Swinging Strike
0-1: Ground out 3-1 (Groundball, 34, EV 81.9 MPH)
Batting: RHB Alan Weller 0-0: Ball
1-0: DOUBLE (Line Drive, 9LM, EV 92.5 MPH)
Batting: LHB Alex Fernandez 0-0: Called Strike
Alan Weller steals 3rd base
0-1: Foul Ball, location: 2F
0-2: Ball
1-2: Fly out, F8 (Flyball, 8RD, EV 88.1 MPH)
Runner from 3rd tags up, SCORES, throw by CF
Batting: RHB Allen Gravel 0-0: Ball
1-0: Foul Ball, location: 2F
1-1: Swinging Strike
1-2: Ball
2-2: Strikes out swinging
Bottom of the 1st over - 1 run, 1 hit, 0 errors, 0 left on base; Rome 1 - Williamsport 1
TOP OF THE 2ND
Rome Braves batting - Pitching for Williamsport Crosscutters : RHP Jared Van Heel
Batting: RHB Toki Takeuchi 0-0: Ball
1-0: Ball
2-0: Called Strike
2-1: Called Strike
2-2: Fly out, F9 (Flyball, 9, EV 85.6 MPH)
Batting: LHB Javier Rubio 0-0: Ball
1-0: Ball
2-0: Called Strike
2-1: Ground out 1-3 (Groundball, 13S, EV 67.5 MPH)
Batting: SHB Jordan Barragan 0-0: Called Strike
0-1: Called Strike
0-2: Foul Ball, location: 2F
0-2: DOUBLE (Flyball, 8LXD, EV 86.9 MPH)
Batting: RHB Andy Cunningham 0-0: Ball
1-0: Swinging Strike
1-1: Swinging Strike
1-2: TRIPLE (Flyball, 78XD, EV 106.9 MPH)
Jordan Barragan scores
Batting: LHB Robby Dann 0-0: Swinging Strike
0-1: Foul Ball, location: 2F
0-2: Ball
1-2: Ball
2-2: Ball
3-2: Ground out 5-3 (Groundball, 56, EV 86.2 MPH)
Top of the 2nd over - 1 run, 2 hits, 0 errors, 1 left on base; Rome 2 - Williamsport 1
BOTTOM OF THE 2ND
Williamsport Crosscutters batting - Pitching for Rome Braves : RHP Jeremy Hurley
Batting: LHB Eric Farren 0-0: Ground out 6-3 (Groundball, 6, EV 81.2 MPH)
Batting: SHB Jeff Echt 0-0: Called Strike
0-1: Called Strike
0-2: Ball
1-2: Foul Ball, location: 2F
1-2: Strikes out swinging
Batting: RHB Trent Hedrick 0-0: Foul Ball, location: 2F
0-1: Foul Ball, location: 2F
0-2: Strikes out swinging
Bottom of the 2nd over - 0 runs, 0 hits, 0 errors, 0 left on base; Rome 2 - Williamsport 1
TOP OF THE 3RD
Rome Braves batting - Pitching for Williamsport Crosscutters : RHP Jared Van Heel
Batting: LHB Joe Phillips 0-0: Foul Ball, location: 2F
0-1: Ground out 6-3 (Groundball, 6, EV 82.5 MPH)
Batting: RHB Hisayuki Akiyama 0-0: Fly out, F5 (Popup, 5SF, EV 85.6 MPH)
Batting: LHB Jae-ik Soung 0-0: Called Strike
0-1: SINGLE (Groundball, 4MD, EV 103.8 MPH)
Batting: LHB Mike Tenorio 0-0: Ball
1-0: Called Strike
1-1: Called Strike
1-2: Strikes out swinging, 2-3 out at first.
Top of the 3rd over - 0 runs, 1 hit, 0 errors, 1 left on base; Rome 2 - Williamsport 1
BOTTOM OF THE 3RD
Williamsport Crosscutters batting - Pitching for Rome Braves : RHP Jeremy Hurley
Batting: RHB Jake Cox 0-0: Swinging Strike
0-1: Ball
1-1: Called Strike
1-2: Strikes out swinging
Batting: RHB Jimmy Misener 0-0: Ball
1-0: Foul Ball, location: 2F
1-1: Called Strike
1-2: Ground out 6-3 (Groundball, 6, EV 105.0 MPH)
Batting: RHB Joe Hewitt 0-0: Foul Ball, location: 2F
0-1: Swinging Strike
0-2: Ball
1-2: Ball
2-2: Ball
3-2: Strikes out swinging
Bottom of the 3rd over - 0 runs, 0 hits, 0 errors, 0 left on base; Rome 2 - Williamsport 1
TOP OF THE 4TH
Rome Braves batting - Pitching for Williamsport Crosscutters : RHP Jared Van Heel
Batting: RHB Toki Takeuchi 0-0: Foul Ball, location: 2F
0-1: Ball
1-1: Swinging Strike
1-2: Foul Ball, location: 2F
1-2: Foul Ball, location: 2F
1-2: Ball
2-2: Strikes out swinging
Batting: LHB Javier Rubio 0-0: Called Strike
0-1: Foul Ball, location: 2F
0-2: Strikes out looking
Batting: SHB Jordan Barragan 0-0: SINGLE (Groundball, 23, EV 71.2 MPH) (infield hit)
Batting: RHB Andy Cunningham 0-0: Called Strike
0-1: Ball
1-1: Ball
2-1: Foul Ball, location: 2F
2-2: DOUBLE (Groundball, 5L, EV 108.1 MPH)
Jordan Barragan to third
Jordan Barragan scores
Batting: LHB Robby Dann 0-0: Ball
1-0: SINGLE (Groundball, 3S, EV 66.2 MPH) (infield hit)
Andy Cunningham to third
Batting: LHB Joe Phillips Balk!
Andy Cunningham scores
Robby Dann to second
0-0: Ball
Robby Dann steals 3rd base
1-0: Called Strike
1-1: Ball
2-1: Called Strike
2-2: Foul Ball, location: 2F
2-2: Fly out, F3 (Line Drive, 3, EV 73.1 MPH)
Top of the 4th over - 2 runs, 3 hits, 0 errors, 1 left on base; Rome 4 - Williamsport 1
BOTTOM OF THE 4TH
Williamsport Crosscutters batting - Pitching for Rome Braves : RHP Jeremy Hurley
Batting: RHB Alan Weller 0-0: Called Strike
0-1: Called Strike
0-2: Ball
1-2: Ball
2-2: Strikes out swinging
Batting: LHB Alex Fernandez 0-0: DOUBLE (Flyball, 8RD, EV 92.5 MPH)
Batting: RHB Allen Gravel 0-0: Called Strike
0-1: Ground out 4-3 (Groundball, 4, EV 106.2 MPH)
Alex Fernandez to third
Batting: LHB Eric Farren 0-0: Foul Ball, location: 2F
0-1: Ball
1-1: Fly out, F7 (Flyball, 78XD, EV 101.9 MPH)
Bottom of the 4th over - 0 runs, 1 hit, 0 errors, 1 left on base; Rome 4 - Williamsport 1
TOP OF THE 5TH
Rome Braves batting - Pitching for Williamsport Crosscutters : RHP Jared Van Heel
Batting: RHB Hisayuki Akiyama 0-0: Called Strike
0-1: Called Strike
0-2: Foul Ball, location: 2F
0-2: Ball
1-2: Strikes out swinging
Batting: LHB Jae-ik Soung 0-0: Ball
1-0: Ball
2-0: Ball
3-0: Called Strike
3-1: Swinging Strike
3-2: Base on Balls
Pitching: RHP Bobby Savoy
Batting: LHB Mike Tenorio 0-0: Foul Ball, location: 2F
0-1: Ball
Wild Pitch!
Jae-ik Soung to second
1-1: Called Strike
1-2: Foul Ball, location: 2F
1-2: Foul Ball, location: 2F
1-2: Ball
2-2: Foul Ball, location: 2F
2-2: Strikes out swinging
Batting: RHB Toki Takeuchi 0-0: Called Strike
0-1: Bunt missed!
0-2: Fly out, F8 (Line Drive, 8RD, EV 108.1 MPH)
Top of the 5th over - 0 runs, 0 hits, 0 errors, 1 left on base; Rome 4 - Williamsport 1
BOTTOM OF THE 5TH
Williamsport Crosscutters batting - Pitching for Rome Braves : RHP Jeremy Hurley
Batting: SHB Jeff Echt 0-0: Foul Ball, location: 2F
0-1: Ball
1-1: Ball
2-1: Ball
3-1: Swinging Strike
3-2: Ground out 5-3 (Groundball, 5, EV 86.9 MPH)
Batting: RHB Trent Hedrick 0-0: Foul Ball, location: 2F
0-1: Called Strike
0-2: Ball
1-2: Strikes out swinging
Batting: RHB Jake Cox 0-0: Ball
1-0: Ball
2-0: SINGLE (Groundball, 56, EV 106.9 MPH) (infield hit)
Batting: RHB Jimmy Misener 0-0: Swinging Strike
0-1: Foul Ball, location: 2F
0-2: Strikes out swinging
Bottom of the 5th over - 0 runs, 1 hit, 0 errors, 1 left on base; Rome 4 - Williamsport 1
TOP OF THE 6TH
Rome Braves batting - Pitching for Williamsport Crosscutters : RHP Bobby Savoy
Batting: LHB Javier Rubio 0-0: Ball
1-0: Ball
2-0: Ball
3-0: Base on Balls
Pitching: RHP Pat Stone
Batting: SHB Jordan Barragan 0-0: Ball
1-0: Ball
2-0: Fielders Choice at 2nd, 3-6 (Groundball, 3, EV 86.9 MPH)
Batting: RHB Andy Cunningham 0-0: Called Strike
0-1: Ball
Jordan Barragan steals 2nd base
1-1: Ball
2-1: Ball
Wild Pitch!
Jordan Barragan to third
3-1: Ground out 1-3 (Groundball, 13S, EV 73.8 MPH)
Batting: LHB Robby Dann 0-0: Ball
1-0: Called Strike
1-1: Ball
2-1: Ball
3-1: Base on Balls
Batting: LHB Joe Phillips 0-0: Called Strike
0-1: Ball
1-1: Ball
Robby Dann steals 2nd base
2-1: Ground out 6-3 (Groundball, 6, EV 86.2 MPH)
Top of the 6th over - 0 runs, 0 hits, 0 errors, 2 left on base; Rome 4 - Williamsport 1
BOTTOM OF THE 6TH
Williamsport Crosscutters batting - Pitching for Rome Braves : RHP Jeremy Hurley
Batting: RHB Joe Hewitt 0-0: Swinging Strike
0-1: Foul Ball, location: 2F
0-2: Foul Ball, location: 2F
0-2: Ball
1-2: Strikes out swinging
Batting: RHB Alan Weller 0-0: Ball
1-0: Called Strike
1-1: Ball
2-1: Foul Ball, location: 2F
2-2: Ball
3-2: Strikes out looking
Batting: LHB Alex Fernandez 0-0: Ball
1-0: Called Strike
1-1: SINGLE (Flyball, 6MD, EV 91.9 MPH)
Batting: RHB Allen Gravel 0-0: Ball
1-0: Called Strike
1-1: Called Strike
1-2: Foul Ball, location: 2F
1-2: Ball
2-2: Fly out, F6 (Flyball, 56D, EV 91.9 MPH)
Bottom of the 6th over - 0 runs, 1 hit, 0 errors, 1 left on base; Rome 4 - Williamsport 1
TOP OF THE 7TH
Rome Braves batting - Pitching for Williamsport Crosscutters : RHP Pat Stone
Pitching: RHP Leo Loetzsch
Batting: RHB Hisayuki Akiyama 0-0: SINGLE (Groundball, 56, EV 102.5 MPH) (infield hit)
Batting: LHB Jae-ik Soung 0-0: Called Strike
0-1: Ball
1-1: Called Strike
1-2: Foul Ball, location: 2F
1-2: SINGLE (Groundball, 56D, EV 96.9 MPH)
Hisayuki Akiyama to second
Batting: LHB Mike Tenorio 0-0: Called Strike
Jae-ik Soung is caught stealing 2nd base 2-6
Hisayuki Akiyama steals 3rd base
0-1: Swinging Strike
0-2: Foul Ball, location: 2F
0-2: Ball
1-2: Ball
Wild Pitch!
Hisayuki Akiyama scores
2-2: Foul Ball, location: 2F
2-2: Ball
3-2: Strikes out swinging
Batting: RHB Toki Takeuchi 0-0: Swinging Strike
0-1: Swinging Strike
0-2: Ball
1-2: Strikes out swinging
Top of the 7th over - 1 run, 2 hits, 0 errors, 0 left on base; Rome 5 - Williamsport 1
BOTTOM OF THE 7TH
Williamsport Crosscutters batting - Pitching for Rome Braves : RHP Jeremy Hurley
Pitching: RHP Jessie Mattei
Batting: LHB Eric Farren 0-0: Ball
1-0: Called Strike
1-1: Fly out, F7 (Flyball, 7D, EV 95.6 MPH)
Batting: SHB Jeff Echt 0-0: Called Strike
0-1: Swinging Strike
0-2: DOUBLE (Groundball, 3L, EV 100.0 MPH)
Batting: RHB Trent Hedrick 0-0: Foul Ball, location: 2F
0-1: Fly out, F6 (Popup, P, EV 73.8 MPH)
Batting: RHB Jake Cox 0-0: Called Strike
0-1: SINGLE (Groundball, 56, EV 97.5 MPH)
Jeff Echt to third
Runner from 3rd tries for Home, SAFE, throw by LF to home
Batting: RHB Jimmy Misener 0-0: Ball
1-0: Called Strike
1-1: Ball
Jake Cox is caught stealing 2nd base 2-4
Bottom of the 7th over - 1 run, 2 hits, 0 errors, 0 left on base; Rome 5 - Williamsport 2
TOP OF THE 8TH
Rome Braves batting - Pitching for Williamsport Crosscutters : RHP Leo Loetzsch
Batting: LHB Javier Rubio 0-0: Called Strike
0-1: Ball
1-1: Swinging Strike
1-2: Foul Ball, location: 2F
1-2: Fly out, F8 (Flyball, 78D, EV 101.2 MPH)
Batting: SHB Jordan Barragan 0-0: Called Strike
0-1: Ball
1-1: Foul Ball, location: 2F
1-2: Foul Ball, location: 2F
1-2: Strikes out swinging
Batting: RHB Andy Cunningham 0-0: Swinging Strike
0-1: Ball
1-1: Ball
2-1: Swinging Strike
2-2: Foul Ball, location: 2F
2-2: Foul Ball, location: 2F
2-2: Strikes out looking
Top of the 8th over - 0 runs, 0 hits, 0 errors, 0 left on base; Rome 5 - Williamsport 2
BOTTOM OF THE 8TH
Williamsport Crosscutters batting - Pitching for Rome Braves : RHP Jessie Mattei
Pitching: RHP Gareth Cutts
Now at 3B: Malik Boulay
Now in LF: Toki Takeuchi
Batting: RHB Jimmy Misener 0-0: Ball
1-0: DOUBLE (Flyball, 8LXD, EV 110.0 MPH)
Batting: RHB Joe Hewitt 0-0: Swinging Strike
0-1: Ground out U3 (Groundball, 3, EV 104.4 MPH)
Jimmy Misener to third
Batting: RHB Alan Weller 0-0: Ball
1-0: Ball
2-0: Swinging Strike
2-1: SINGLE (Groundball, 6MD, EV 109.4 MPH)
Jimmy Misener scores
Batting: LHB Alex Fernandez 0-0: Called Strike
0-1: Foul Ball, location: 2F
0-2: Ball
1-2: Grounds out, U3 (Groundball, 3L, EV 86.9 MPH)
Batting: RHB Allen Gravel 0-0: Ball
1-0: Ball
2-0: Ball
3-0: Called Strike
3-1: Base on Balls
Batting: LHB Eric Farren 0-0: Fly out, F7 (Line Drive, 7D, EV 87.5 MPH)
Bottom of the 8th over - 1 run, 2 hits, 0 errors, 2 left on base; Rome 5 - Williamsport 3
TOP OF THE 9TH
Rome Braves batting - Pitching for Williamsport Crosscutters : RHP Leo Loetzsch
Pitching: LHP Sean Cerna
Batting: LHB Robby Dann 0-0: Fly out, F8 (Flyball, 78D, EV 102.5 MPH)
Batting: LHB Joe Phillips 0-0: Ball
1-0: Ball
2-0: Fly out, F7 (Flyball, 7, EV 90.6 MPH)
Batting: RHB Hisayuki Akiyama 0-0: Ball
1-0: Called Strike
1-1: Foul Ball, location: 2F
1-2: Foul Ball, location: 2F
1-2: SINGLE (Groundball, 6D, EV 98.8 MPH)
Batting: LHB Jae-ik Soung 0-0: Ball
1-0: Called Strike
Hisayuki Akiyama steals 2nd base
1-1: Ball
2-1: Foul Ball, location: 2F
2-2: Foul Ball, location: 2F
2-2: Ball
3-2: Foul Ball, location: 2F
3-2: Base on Balls
Batting: LHB Mike Tenorio 0-0: Ball
1-0: Swinging Strike
1-1: Swinging Strike
1-2: Strikes out looking
Top of the 9th over - 0 runs, 1 hit, 0 errors, 2 left on base; Rome 5 - Williamsport 3
BOTTOM OF THE 9TH
Williamsport Crosscutters batting - Pitching for Rome Braves : RHP Gareth Cutts
Pitching: LHP Shingo Miura
Pinch Hitting: RHB Antonio Medina 0-0: Ball
1-0: Swinging Strike
1-1: Foul Ball, location: 2F
1-2: Ground out 6-3 (Groundball, 6, EV 85.6 MPH)
Batting: RHB Trent Hedrick 0-0: SINGLE (Groundball, 56S, EV 67.5 MPH) (infield hit)
Batting: RHB Jake Cox 0-0: SINGLE (Line Drive, 6MD, EV 96.9 MPH)
Trent Hedrick to second
Batting: RHB Jimmy Misener 0-0: Ball
1-0: Ball
2-0: Ball
3-0: Called Strike
3-1: Base on Balls
Trent Hedrick to third
Jake Cox to second
Batting: RHB Joe Hewitt 0-0: Foul Ball, location: 2F
0-1: Fly out, F7 (Flyball, 7, EV 77.5 MPH)
Batting: RHB Alan Weller 0-0: Called Strike
0-1: Fielders Choice at 2nd, 6-4 (Groundball, 6, EV 106.2 MPH)
Bottom of the 9th over - 0 runs, 2 hits, 0 errors, 3 left on base; Rome 5 - Williamsport 3
Wednesday, June 22nd , 2022 - OOTP Baseball 23.4 Build 64